 Dungeon Crawl Stone Soup version 0.25.1-2-g60ff931df9 (webtiles) character file.

Game seed: 3318795636144455149

693131 Mitsuki the Conqueror (level 27, -7/273 HPs)
             Began as a Minotaur Fighter on Aug 5, 2020.
             Was the Champion of Okawaru.
             Killed by divine providence
             ... invoked by a mummy priest
              (12 damage)
             ... on level 2 of the Tomb of the Ancients on Aug 15, 2020.
             The game lasted 08:57:07 (77005 turns).

Mitsuki the Conqueror (Minotaur Fighter)           Turns: 77005, Time: 08:57:08

Health: -7/273     AC: 41    Str: 45      XL:     27
Magic:  4/12       EV: 20    Int:  9 (12) God:    Okawaru [******]
Gold:   8761       SH: 26    Dex:  7 (9)  Spells: 26/26 levels left

rFire    + + +     SeeInvis +   F - +10 broad axe "Killer Klown's Peril" {antimagic, *Drain rN+++ Str+4 Int-2}
rCold    . . .     Gourm    .   O - +6 kite shield of Watchfulness {+Blink Str+3}
rNeg     + + +     Faith    .   W - +3 gold dragon scales
rPois    +         Spirit   .   m - +2 hat {Int+3}
rElec    +         Reflect  .   U - +1 cloak of Wucevep {rF+ MR+ SInv}
rCorr    .         Harm     .   S - +0 pair of gloves of Ziary {rN+ MR- Regen+ SInv}
MR       +++++     Clarity  +   G - +2 pair of boots of the Serpent {+Inv rF+ rC- Slay+5}
Stlth    ..........             y - amulet of the Air {Inacc +Fly rElec EV+5 RMsl}
HPRegen  0.95/turn              B - ring "Fafenin" {MR+ Int+5 Stlth-}
MPRegen  0.13/turn              R - ring of Internal Strife {rElec MR+++ Str+7 Dex-3 Slay+4}

@: heroism, repel missiles
A: retaliatory headbutt, hooves 1, horns 2, clarity, sense surroundings 1
}: 5/15 runes: barnacled, slimy, silver, abyssal, gossamer
a: Heroism, Finesse, Renounce Religion, Evoke Blink, Evoke Invisibility, Evoke
Flight


You were on level 2 of the Tomb of the Ancients.
You worshipped Okawaru.
Okawaru was exalted by your worship.
You were not hungry.

You visited 12 branches of the dungeon, and saw 52 of its levels.
You visited the Abyss 3 times.
You also visited: Gauntlet and Ice Cave.

You collected 9584 gold pieces.
You spent 823 gold pieces at shops.

Inventory:

Hand Weapons
 F - the +10 broad axe "Killer Klown's Peril" (weapon) {antimagic, *Drain rN+++ Str+4 Int-2}
   (Okawaru gifted it to you on level 3 of the Vaults)

   It reduces the magical energy of the wielder, and disrupts the spells and
   magical abilities of those hit.
   Natural abilities and divine invocations are not affected.
   It affects your strength (+4).
   It affects your intelligence (-2).
   It renders you almost immune to negative energy.
   It causes draining when unequipped.
Missiles
 b - 95 boomerangs
 d - 31 silver boomerangs (quivered)
 g - 2 curare-tipped darts
 p - 10 boomerangs of dispersal
Armour
 l - the +2 robe of Fototti Jia {rF- Str+5 SInv Stlth-, unknown}
   (Okawaru gifted it to you on level 1 of the Tomb of the Ancients)

   It affects your strength (+5).
   It makes you vulnerable to fire.
   It lets you see invisible.
   It makes you less stealthy.
 m - a +2 hat of intelligence (worn)
 G - the +2 pair of boots of the Serpent (worn) {+Inv rF+ rC- Slay+5}
   (Okawaru gifted it to you on level 3 of the Vaults)

   It affects your accuracy and damage with ranged weapons and melee attacks
   (+5).
   It protects you from fire.
   It makes you vulnerable to cold.
   It lets you turn invisible.
 O - the +6 kite shield of Watchfulness (worn) {+Blink Str+3}
   (You found it on level 12 of the Dungeon)

   It affects your strength (+3).
   It lets you blink.
 S - the +0 pair of gloves of Ziary (worn) {rN+ MR- Regen+ SInv}
   (Okawaru gifted it to you on level 5 of the Vaults)

   It protects you from negative energy.
   It affects your resistance to hostile enchantments.
   It lets you see invisible.
   It increases your rate of regeneration.
 U - the +1 cloak of Wucevep (worn) {rF+ MR+ SInv}
   (You found it on level 5 of the Vaults)

   It protects you from fire.
   It affects your resistance to hostile enchantments.
   It lets you see invisible.
 W - +3 gold dragon scales (worn)
Jewellery
 y - the amulet of the Air (around neck) {Inacc +Fly rElec EV+5 RMsl}
   (You found it on level 5 of the Vaults)

   [amulet of inaccuracy]

   It reduces the accuracy of all your attacks.
   It affects your evasion (+5).
   It insulates you from electricity.
   It lets you fly.
   It protects you from missiles.
 B - the ring "Fafenin" (left hand) {MR+ Int+5 Stlth-}
   (You found it in an ice cave)

   [ring of attention]

   It affects your intelligence (+5).
   It affects your resistance to hostile enchantments.
   It makes you less stealthy.
 R - the ring of Internal Strife (right hand) {rElec MR+++ Str+7 Dex-3 Slay+4}
   (You found it on level 6 of the Lair of Beasts)

   [ring of slaying]

   It affects your strength (+7).
   It affects your dexterity (-3).
   It affects your accuracy and damage with ranged weapons and melee attacks
   (+4).
   It insulates you from electricity.
   It affects your resistance to hostile enchantments.
Wands
 c - a wand of digging (24)
 r - a wand of iceblast (71)
 x - a wand of polymorph (7)
 C - a wand of disintegration (56)
 E - a wand of acid (15)
 L - a wand of clouds (9)
Scrolls
 a - 2 scrolls of summoning
 h - a scroll of remove curse
 i - 6 scrolls of fog
 j - 9 scrolls of blinking
 s - 7 scrolls of immolation
 u - 30 scrolls of teleportation
 v - 4 scrolls of magic mapping
 w - a scroll of identify
 D - 2 scrolls of silence
 M - 9 scrolls of fear
Potions
 q - 3 potions of flight
 t - 11 potions of curing
 I - 7 potions of haste
 J - 8 potions of cancellation
 P - 11 potions of heal wounds
 V - 2 potions of resistance
Miscellaneous
 e - a lightning rod (4/4)
 n - a phial of floods (inert)
 o - 6 phantom mirrors
 A - 3 boxes of beasts
 Z - a tin of tremorstones (2/3)
Comestibles
 f - 83 rations


   Skills:
 O Level 27 Fighting
 - Level 20.0(25.0) Axes
 - Level 12.0(17.0) Throwing
 - Level 22.5(27) Armour
 - Level 12.0(17.0) Dodging
 - Level 25.0(27) Shields
 - Level 7.0 Invocations
 + Level 21.0 Evocations


You had 26 spell levels left.
You didn't know any spells.
Your spell library contained the following spells:

 Spells                   Type           Power        Failure   Level  Hunger
 Animate Skeleton         Necr           N/A          77%         1    ##.....
 Apportation              Tloc           #.....       77%         1    ##.....
 Beastly Appendage        Tmut           #.....       77%         1    ##.....
 Corona                   Hex            #......      77%         1    ##.....
 Foxfire                  Conj/Fire      #...         77%         1    ##.....
 Freeze                   Ice            #...         77%         1    ##.....
 Infusion                 Chrm           #...         77%         1    ##.....
 Magic Dart               Conj           #...         77%         1    ##.....
 Shock                    Conj/Air       #...         77%         1    ##.....
 Summon Butterflies       Summ           #.......     77%         1    ##.....
 Summon Small Mammal      Summ           #...         77%         1    ##.....
 Blink                    Tloc           N/A          88%         2    ###....
 Call Imp                 Summ           #.......     88%         2    ###....
 Corpse Rot               Necr/Air       N/A          88%         2    ###....
 Ensorcelled Hibernation  Hex/Ice        #.....       88%         2    ###....
 Poisonous Vapours        Pois/Air       #.....       88%         2    ###....
 Searing Ray              Conj           #.....       88%         2    ###....
 Shroud of Golubria       Chrm/Tloc      #.....       88%         2    ###....
 Slow                     Hex            #.......     88%         2    ###....
 Song of Slaying          Chrm           #.......     88%         2    ###....
 Sticks to Snakes         Tmut           #.......     88%         2    ###....
 Sublimation of Blood     Necr           #.........   88%         2    ###....
 Swiftness                Chrm/Air       #.......     88%         2    ###....
 Call Canine Familiar     Summ           #.......     98%         3    ####...
 Confusing Touch          Hex            #.......     98%         3    ####...
 Conjure Flame            Conj/Fire      #.......     98%         3    ####...
 Dazzling Flash           Conj/Hex       #.....       98%         3    ####...
 Frozen Ramparts          Ice            #.....       98%         3    ####...
 Gell's Gravitas          Tloc           #.........   98%         3    ####...
 Ignite Poison            Fire/Tmut/Pois #.......     98%         3    ####...
 Inner Flame              Hex/Fire       #.......     98%         3    ####...
 Lesser Beckoning         Tloc           #.........   98%         3    ####...
 Mephitic Cloud           Conj/Pois/Air  #.......     98%         3    ####...
 Ozocubu's Armour         Chrm/Ice       #.......     98%         3    ####...
 Portal Projectile        Hex/Tloc       #.....       98%         3    ####...
 Spectral Weapon          Hex/Chrm       #.......     98%         3    ####...
 Spider Form              Tmut/Pois      #.........   98%         3    ####...
 Static Discharge         Conj/Air       #.......     98%         3    ####...
 Stone Arrow              Conj/Erth      #.....       98%         3    ####...
 Summon Guardian Golem    Hex/Summ       #.......     98%         3    ####...
 Teleport Other           Tloc           #.......     98%         3    ####...
 Tukima's Dance           Hex            #.......     98%         3    ####...
 Airstrike                Air            #.........   100%        4    #####..
 Cause Fear               Hex            #.........   100%        4    #####..
 Dispel Undead            Necr           #.......     100%        4    #####..
 Fulminant Prism          Conj/Hex       #.........   100%        4    #####..
 Hailstorm                Conj/Ice       #.......     100%        4    #####..
 Ice Form                 Ice/Tmut       #.......     100%        4    #####..
 Iskenderun's Mystic Bla  Conj/Tloc      #.......     100%        4    #####..
 Leda's Liquefaction      Hex/Erth       #.........   100%        4    #####..
 Passage of Golubria      Tloc           N/A          100%        4    #####..
 Petrify                  Tmut/Erth      #.......     100%        4    #####..
 Sticky Flame             Conj/Fire      #.......     100%        4    #####..
 Summon Ice Beast         Ice/Summ       #.......     100%        4    #####..
 Summon Lightning Spire   Summ/Air       #.......     100%        4    #####..
 Agony                    Necr           #.......     100%        5    ######.
 Alistair's Intoxication  Tmut/Pois      #.......     100%        5    ######.
 Blade Hands              Tmut           #.........   100%        5    ######.
 Bolt of Magma            Conj/Fire/Erth #.........   100%        5    ######.
 Borgnjor's Vile Clutch   Necr/Erth      #.........   100%        5    ######.
 Fireball                 Conj/Fire      #.........   100%        5    ######.
 Irradiate                Conj/Tmut      #.........   100%        5    ######.
 Iskenderun's Battlesphe  Conj/Chrm      #.......     100%        5    ######.
 Lee's Rapid Deconstruct  Erth           #.........   100%        5    ######.
 Lightning Bolt           Conj/Air       #.........   100%        5    ######.
 Metabolic Englaciation   Hex/Ice        #.........   100%        5    ######.
 Silence                  Hex/Air        #.........   100%        5    ######.
 Summon Demon             Summ           #.........   100%        5    ######.
 Summon Forest            Summ/Tloc      #.........   100%        5    ######.
 Summon Mana Viper        Hex/Summ       #.......     100%        5    ######.
 Yara's Violent Unravell  Hex/Tmut       #.........   100%        5    ######.
 Darkness                 Hex            #.........   100%        6    #######
 Eringya's Noxious Bog    Tmut/Pois      #.........   100%        6    #######
 Freezing Cloud           Conj/Ice/Air   #.........   100%        6    #######
 Hydra Form               Tmut           #.........   100%        6    #######
 Invisibility             Hex            #.......     100%        6    #######
 Iron Shot                Conj/Erth      #.........   100%        6    #######
 Ozocubu's Refrigeration  Ice            #.........   100%        6    #######
 Shadow Creatures         Summ           N/A          100%        6    #######
 Simulacrum               Ice/Necr       #.........   100%        6    #######
 Starburst                Conj/Fire      #.........   100%        6    #######
 Statue Form              Tmut/Erth      #........    100%        6    #######
 Dragon Form              Tmut           #.........   100%        7    #######
 Haunt                    Necr/Summ      #.........   100%        7    #######
 Orb of Destruction       Conj           #.........   100%        7    #######
 Ring of Flames           Chrm/Fire      #.........   100%        7    #######
 Spellforged Servitor     Conj/Summ      #.........   100%        7    #######
 Summon Hydra             Summ           #.........   100%        7    #######
 Chain Lightning          Conj/Air       #.........   100%        8    #######
 Controlled Blink         Tloc           N/A          100%        8    #######
 Ignition                 Fire           #.........   100%        8    #######
 Lehudib's Crystal Spear  Conj/Erth      #.........   100%        8    #######
 Absolute Zero            Ice            #.........   100%        9    #######
 Dragon's Call            Summ           #.........   100%        9    #######
 Fire Storm               Conj/Fire      #.........   100%        9    #######
 Shatter                  Erth           #.........   100%        9    #######
 Tornado                  Air            #.........   100%        9    #######


Dungeon Overview and Level Annotations

Branches:
Dungeon (15/15)            Temple (1/1) D:4            Lair (6/6) D:9
 Shoals (4/4) Lair:2       Spider (4/4) Lair:3        Slime (5/5) Lair:6
    Orc (2/2) D:12            Elf (3/3) Orc:2        Vaults (5/5) D:13
  Crypt (3/3) Vaults:2       Tomb (2/3) Crypt:3      Depths (2/5) D:15
  IceCv (visited)         Gauntlet (visited)

Altars:
Ashenzari
Cheibriados
Dithmenos
Elyvilon
Fedhas
Gozag
Hepliaklqana
Kikubaaqudgha
Makhleb
Nemelex Xobeh
Okawaru
Qazlal
Ru
Sif Muna
Trog
Uskayaw
Vehumet
Wu Jian
Xom
Yredelemnul
Zin
The Shining One
Beogh

Shops:
D:5 (   D:9 [   Orc:1 ?   Orc:2 (*:[   Vaults:4 [   Depths:1 !::=[}==
Depths:2 (

Portals:
Hell: Depths:1 Depths:2
Abyss: Depths:2
Trove: Depths:1 (give +4 storm dragon scales)


Innate Abilities, Weirdness & Mutations

You reflexively headbutt those who attack you in melee.
You have a pair of horns on your head.
You have large cloven feet.
You possess an exceptional clarity of mind.
You passively map a small area around you.


Message History

The guardian mummy is unaffected.
The phantasmal warrior is unaffected.
The guardian mummy is unaffected. x2; The ogre zombie is unaffected.
The guardian mummy is unaffected.
The frost giant skeleton is unaffected.
The emperor scorpion looks frightened!
The emperor scorpion resists with some effort.
The mummy is unaffected. x2; The freezing wraith is unaffected.
The wight is unaffected.
The vampire is unaffected.
The freezing wraith is unaffected.
The wight is unaffected.
The wraith hits you but does no damage.
You block the emperor scorpion's attack. x3
The greater mummy falters for a moment.
The guardian mummy is lost in a daze.
The mummy priest mumbles some strange prayers to its god.
The greater mummy calls on the powers of darkness!
Your body is wracked with pain!
* * * LOW HITPOINT WARNING * * *
The bennu convulses!
The emperor scorpion convulses!
A guardian mummy comes into view.
The mummy priest calls down the wrath of its god upon you.
Something smites you!
You die...

, , , ..., ,, , , ,
, ... , ... , , #..
, , ..# , ##... *
*Z..## *
#...(#######....#**
, *
......sM..M...... ,
,.....zMMWbMM.....,
* + , ,
.....MM@§Z§§...M.
^* ,
....ZzsWWMM§.....,
* ,
M...MzMMVMM......
...W.W§§..§.§..M. ,
,M..M..§§.........
* *
...ZW.M§..MM..... ,
* .................
#..M.#######....#
##... * ...##*


You could see 4 greater mummies, 2 emperor scorpions, a bennu, 3 mummy priests,
a shadow wraith (summoned, invisible), a phantasmal warrior (summoned), 7
guardian mummies, 2 freezing wraiths, a vampire (summoned), a wraith (summoned),
a flying skull (summoned), 3 mummies, 2 wights, an ogre zombie and a frost giant
skeleton.

Vanquished Creatures
  the Royal Jelly (Slime:5)
  2 ancient liches
  A juggernaut (Abyss:4)
  Mennas (Depths:2)
  Sojobo (Vaults:3)
  A greater mummy (Tomb:1)
  The ghost of Xihoome the Slayer, a veteran MiGl of Okawaru (Elf:1)
  Bai Suzhen (Depths:1)
  Saint Roka (Orc:1)
  3 golden dragons (Vaults:5)
  Jory (Tomb:1)
  Arachne (Spider:3)
  11 bone dragons
  A hellephant (Abyss:4)
  5 tentacled monstrosities
  Rupert (D:12)
  12 liches
  2 quicksilver dragons
  3 titans (Vaults:5)
  A deep elf blademaster (Elf:3)
  2 deep elf master archers (Elf:3)
  37 tentacled starspawn
  21 acid blobs
  2 Executioners (Abyss:4)
  11 sphinxes
  A kraken (Shoals:4)
  A storm dragon (shapeshifter) (Vaults:5)
  Agnes (Elf:2)
  The ghost of Acheron the Fighter, an adept MiBe of Trog (Shoals:4)
  5 storm dragons (Vaults:5)
  8 ancient champions
  5 shadow dragons (Vaults:5)
  Donald (Spider:3)
  Roxanne (Shoals:1)
  4 daevas
  7 tengu reavers
  A draconian monk (Abyss:1)
  4 fire giants
  Kirke (Lair:6)
  11 azure jellies
  A draconian knight (Abyss:1)
  11 deep elf sorcerers
  4 emperor scorpions
  7 ghost moths
  13 vault wardens
  3 iron dragons (Vaults:5)
  A balrug (Abyss:1)
  A cacodemon (Abyss:1)
  5 frost giants
  6 angels
  3 draconian shifters (Abyss:4)
  5 deep elf elementalists
  10 ironheart preservers
  A reaper (Abyss:1)
  3 curse skulls
  4 war gargoyles (Vaults:5)
  21 very ugly things
  A draconian annihilator (Abyss:1)
  A juggernaut skeleton (Crypt:1)
  21 stone giants
  3 ophanim (Abyss:4)
  9 entropy weavers
  The ghost of Dycaefio the Fencer, a journeyman MiFi of Okawaru (D:15)
  6 deep elf annihilators
  2 vampire knights
  133 starcursed masses
  11 deep elf demonologists
  3 lorocyprocas
  A minotaur (Gauntlet)
  A white draconian (Abyss:1)
  12 eidola
  7 merfolk impalers
  Snorg (Lair:4)
  2 spark wasps (Spider:4)
  6 mummy priests
  8 green deaths
  4 death oozes (Slime:5)
  12 great orbs of eyes
  7 jiangshi
  7 merfolk javelineers
  10 ettins
  16 yaktaur captains
  7 deep elf death magi
  5 blizzard demons
  8 deep elf high priests
  4 fire dragons
  26 vault guards
  2 naga warriors (Abyss:4)
  Fannar (D:10)
  Erolcha (D:10)
  12 rakshasas
  A hydra (shapeshifter) (Vaults:3)
  7 ice dragons
  5 hydras
  A quicksilver dragon skeleton (Abyss:1)
  5 merfolk aquamancers
  12 centaur warriors
  3 merfolk avatars
  An anaconda (shapeshifter) (Elf:1)
  An alligator snapping turtle (Shoals:4)
  3 death knights
  7 ogre magi
  18 two-headed ogres
  33 dancing weapons
  15 death scarabs (Tomb:1)
  7 tengu warriors
  7 vampire magi
  4 death yaks (Lair:6)
  7 deep troll shamans
  5 deep troll earth magi
  21 hell hogs
  4 orc high priests
  3 spriggans (Depths:2)
  36 thrashing horrors
  4 spriggan berserkers
  27 wretched stars
  Urug (D:13)
  22 deep elf knights
  A titan zombie (Vaults:4)
  4 hell knights (Abyss:4)
  2 soul eaters
  4 iron trolls
  2 storm dragon zombies
  4 sun demons
  8 spatial maelstroms
  6 shadow wraiths
  20 skeletal warriors
  An unseen horror (shapeshifter) (Vaults:5)
  8 cherubim
  4 sixfirhies
  2 titan skeletons
  A death drake (Abyss:1)
  3 unseen horrors
  13 sea snakes
  2 wizards
  10 flayed ghosts
  A glowing orange brain (shapeshifter) (Elf:1)
  3 glowing orange brains
  18 deep trolls
  10 harpies
  A shadow dragon zombie (Crypt:3)
  A swamp dragon (Abyss:1)
  25 deep elf archers
  Pikel (D:8)
  11 phantasmal warriors
  A fire giant zombie (Abyss:3)
  9 necromancers
  A lindwurm (Lair:6)
  An anaconda skeleton (Crypt:3)
  12 orc knights
  11 ironbrand convokers
  3 stone giant zombies
  8 orb spiders
  An oklob plant (Lair:5)
  39 ugly things
  2 mana vipers (shapeshifter)
  18 wolf spiders
  A mana viper (Abyss:1)
  12 manticores
  65 deep elf magi
  6 moths of wrath
  2 frost giant zombies
  7 orc sorcerers
  16 worldbinders
  10 cyclopes
  2 shining eyes
  2 ice statues (IceCv)
  15 elephants
  2 fire giant skeletons
  7 merfolk sirens
  A dire elephant zombie (Crypt:1)
  3 rust devils
  27 smoke demons
  A water nymph (shapeshifter) (Elf:1)
  5 black mambas
  3 guardian serpents
  13 spiny frogs
  13 apocalypse crabs
  An eye of devastation (shapeshifter) (Elf:1)
  9 orange demons
  A titan simulacrum (Abyss:4)
  Psyche (D:8)
  3 torpor snails
  91 large abominations
  7 water nymphs
  11 vault sentinels
  A yaktaur zombie (Depths:1)
  2 komodo dragons (shapeshifter)
  57 yaktaurs
  A yaktaur (shapeshifter) (Vaults:2)
  A hellion (Depths:2)
  9 rime drakes
  An anaconda simulacrum (Abyss:2)
  5 komodo dragons
  11 freezing wraiths
  6 demonic crawlers
  22 ancient zymes
  A tormentor (Abyss:4)
  5 efreet
  A yellow draconian skeleton (Crypt:1)
  27 merfolk
  5 tengu conjurers
  A red devil (Depths:2)
  2 spriggan skeletons (Depths:2)
  An ice devil (Abyss:4)
  7 hellwings
  15 guardian mummies
  A polar bear (Lair:2)
  5 trolls
  6 wind drakes
  A jumping spider (shapeshifter) (Abyss:1)
  17 hornets
  A moth of wrath zombie (Crypt:1)
  13 jumping spiders
  A troll (shapeshifter) (Elf:1)
  A polar bear (shapeshifter) (Abyss:1)
  A harpy zombie (Tomb:2)
  A hydra skeleton (Abyss:1)
  16 blink frogs
  14 snapping turtles
  Grinder (D:3)
  6 dream sheep
  10 hippogriffs
  A wind drake (shapeshifter) (Elf:1)
  2 blink frogs (shapeshifter) (Elf:1)
  74 slime creatures
  51 raiju
  88 redbacks
  2 ettin skeletons
  26 water elementals
  25 flying skulls
  4 ushabtiu (Tomb:1)
  25 yaks
  5 air elementals
  2 elf zombies
  25 tarantellas
  4 shadows
  3 vampires
  An alligator skeleton (Crypt:1)
  17 ynoxinuls
  A fire dragon skeleton (Depths:1)
  An ice dragon skeleton (Crypt:2)
  Eustachio (D:6)
  59 small abominations
  8 wyverns
  Grum (D:10)
  14 wraiths
  4 golden eyes
  5 hogs (Lair:6)
  A human (shapeshifter) (Elf:1)
  A golden eye (shapeshifter) (Vaults:3)
  19 neqoxecs
  A redback simulacrum (D:14)
  2 hungry ghosts
  4 fire elementals
  15 humans
  2 steam dragons
  13 chaos spawn
  13 spatial vortices
  8 insubstantial wisps
  4 wargs
  A monstrous demonspawn zombie (Crypt:3)
  2 gelid demonspawn zombies
  2 soldier ants (D:13)
  A water nymph zombie (Crypt:3)
  A naga (Abyss:4)
  15 water moccasins
  Duvessa (D:7)
  13 hell hounds
  A hydra simulacrum (Abyss:3)
  34 orc warriors
  6 porcupines
  A black bear (shapeshifter) (Abyss:1)
  A dream sheep zombie (Crypt:1)
  22 ice beasts
  4 phantoms
  3 necrophages (Crypt:2)
  28 ogres
  2 sky beasts
  A snapping turtle zombie (Crypt:1)
  A black bear (D:13)
  An eye of draining (shapeshifter) (Vaults:3)
  A black mamba simulacrum (Abyss:3)
  8 boggarts
  A fire dragon simulacrum (Tomb:1)
  A tengu (shapeshifter) (Elf:1)
  6 eyes of draining
  15 centaurs
  23 wolves
  A boggart (shapeshifter) (Abyss:4)
  A swamp dragon skeleton (Crypt:1)
  23 crocodiles
  A big kobold (shapeshifter) (Vaults:5)
  A bullfrog (shapeshifter) (Vaults:5)
  A komodo dragon zombie (Crypt:1)
  16 bullfrogs
  6 earth elementals
  2 gnoll sergeants
  A wyvern zombie (D:14)
  Dowan (D:7)
  2 elf skeletons (Crypt:2)
  2 scorpions
  A wyvern skeleton (D:6)
  A spriggan zombie (Abyss:4)
  4 killer bees (D:10)
  4 electric eels
  10 wights
  5 howler monkeys
  A vampire bat (D:4)
  A polar bear skeleton (Crypt:3)
  3 centaur zombies
  3 bullfrog zombies
  13 crimson imps
  7 quasits
  4 hounds
  2 human zombies (Crypt:2)
  5 iron imps
  A gnoll shaman (Orc:1)
  17 orc priests
  2 bullfrog skeletons
  5 centaur skeletons
  12 iguanas
  11 jellies
  18 orc wizards
  14 human skeletons
  A basilisk skeleton (Crypt:2)
  12 worker ants
  A naga zombie (Crypt:1)
  An ogre zombie (Crypt:2)
  A tengu skeleton (Crypt:3)
  A crocodile skeleton (Crypt:2)
  A deep dwarf skeleton (Crypt:3)
  15 mummies
  2 howler monkey zombies
  20 gnolls
  17 adders
  6 shadow imps
  14 white imps
  16 ufetubi
  3 oozes
  2 adder skeletons
  An adder zombie (D:10)
  3 worms
  5 dart slugs
  16 leopard geckos
  78 orcs
  3 bat skeletons (D:4)
  2 bat zombies (D:4)
  3 giant cockroaches (D:3)
  9 goblins
  4 hobgoblins
  15 jackals
  8 kobolds
  5 quokkas
  A ball python (D:4)
  11 bats
  6 frilled lizards
  2 frilled lizard skeletons
  An orc zombie (Crypt:2)
  A quokka skeleton (D:5)
  A quokka zombie (D:5)
  3 rats (D:1)
  A river rat skeleton (Crypt:3)
  20 bushes (Elf:3)
  19 fungi
  2 lurking horrors (Abyss:4)
  27 plants
  48 starspawn tentacles
  3 tentacles (Shoals:4)
3112 creatures vanquished.

Vanquished Creatures (collateral kills)
  A deep elf mage (Vaults:5)
1 creature vanquished.

Vanquished Creatures (others)
  A deep elf annihilator (Vaults:5)
  A deep elf knight (Elf:1)
  A wretched star (Abyss:3)
  An unseen horror (D:15)
  A blink frog (Abyss:4)
  A raiju (Abyss:3)
  A hippogriff (Lair:6)
  A vampire (Abyss:4)
  2 golden eyes (Abyss:4)
  A large abomination (Abyss:4)
  2 water moccasins
  2 slaves (D:8)
  A boggart (D:15)
  A black mamba simulacrum (Abyss:4)
  3 small abominations (Abyss:4)
  A quasit (Abyss:1)
  A gnoll (D:8)
  A white imp (Abyss:1)
  An adder zombie (D:8)
  A worm (D:8)
  An orc (Vaults:4)
  38 fungi
  2 lurking horrors (Abyss:4)
  27 plants
  60 starspawn tentacles
  A tentacle (Shoals:4)
  4 withered plants (Gauntlet)
158 creatures vanquished.

Grand Total: 3271 creatures vanquished

Notes
Turn   | Place    | Note
-------+----------+-------------------------------------------
     0 | D:1      | Mitsuki the Minotaur Fighter began the quest for the Orb.
     0 | D:1      | Reached XP level 1. HP: 19/19 MP: 0/0
   134 | D:1      | Reached XP level 2. HP: 27/27 MP: 1/1
   176 | D:1      | Reached skill level 4 in Fighting
   377 | D:1      | Reached XP level 3. HP: 33/33 MP: 2/2
  1103 | D:2      | Reached XP level 4. HP: 41/41 MP: 3/3
  1348 | D:2      | Reached skill level 5 in Fighting
  1701 | D:2      | Found a sacrificial altar of Ru.
  1879 | D:3      | Noticed Grinder
  1887 | D:3      | Paralysed by an orc for 7 turns
  1899 | D:3      | Reached XP level 5. HP: 48/48 MP: 4/4
  1914 | D:3      | Killed Grinder
  1914 | D:3      | Reached skill level 6 in Fighting
  1914 | D:3      | Reached skill level 5 in Armour
  1914 | D:3      | Reached XP level 6. HP: 51/58 MP: 5/5
  2497 | D:4      | Found an ancient bone altar of Kikubaaqudgha.
  2725 | D:4      | Reached skill level 7 in Fighting
  2956 | D:4      | Reached XP level 7. HP: 58/66 MP: 6/6
  3181 | D:4      | Got a warped battleaxe
  3187 | D:4      | Identified the +12 battleaxe of Sorug {protect, rPois MP+9
                  | SInv} (You found it on level 4 of the Dungeon)
  3396 | D:4      | Found an iron altar of Okawaru.
  3404 | D:4      | Became a worshipper of Warmaster Okawaru
  3519 | D:4      | Found a staircase to the Ecumenical Temple.
  3643 | Temple   | Entered the Ecumenical Temple
  3762 | D:5      | Entered Level 5 of the Dungeon
  3765 | D:5      | Reached skill level 5 in Axes
  3792 | D:5      | Reached skill level 1 in Invocations
  4126 | D:5      | Found Uzuapt's Antique Weapon Shoppe.
  4160 | D:5      | Reached * piety under Okawaru
  4214 | D:6      | Reached XP level 8. HP: 74/74 MP: 8/8
  4260 | D:6      | Noticed Eustachio
  4265 | D:6      | Killed Eustachio
  4265 | D:6      | Reached skill level 8 in Fighting
  4707 | D:6      | Found a shadowy altar of Dithmenos.
  4880 | D:6      | Reached ** piety under Okawaru
  5320 | D:7      | Noticed Duvessa
  5320 | D:7      | Noticed Dowan
  5331 | D:7      | Killed Duvessa
  5333 | D:7      | Killed Dowan
  5392 | D:7      | Reached XP level 9. HP: 60/82 MP: 10/10
  5743 | D:7      | Found a sparkling altar of Nemelex Xobeh.
  5809 | D:7      | Found a shimmering blue altar of Sif Muna.
  5814 | D:7      | Reached *** piety under Okawaru
  5908 | D:8      | Noticed Pikel
  5916 | D:8      | Killed Pikel
  5916 | D:8      | Reached skill level 9 in Fighting
  6033 | D:8      | Reached **** piety under Okawaru
  6037 | D:8      | Reached skill level 10 in Axes
  6037 | D:8      | Reached skill level 5 in Invocations
  6270 | D:8      | Noticed an unseen horror
  6271 | D:8      | Found a burning altar of Makhleb.
  6273 | D:8      | Found a white marble altar of Elyvilon.
  6277 | D:8      | Killed an unseen horror
  6277 | D:8      | Reached ***** piety under Okawaru
  6277 | D:8      | Reached XP level 10. HP: 85/93 MP: 13/13
  6385 | D:8      | Found an opulent altar of Gozag.
  6483 | D:8      | Reached skill level 10 in Fighting
  6488 | D:8      | Found an iron altar of Okawaru.
  6547 | D:8      | Noticed Psyche
  6551 | D:8      | Killed Psyche
  6686 | D:8      | Found a snail-covered altar of Cheibriados.
  6869 | D:9      | Found Onim Soe's Antique Armour Emporium.
  7006 | D:9      | Bought an ichor-stained chain mail for 247 gold pieces
  7006 | D:9      | Identified the cursed +1 chain mail of the Desolation of
                  | Salt {+Inv rElec Str-5 Int+4} (You bought it in a shop on
                  | level 9 of the Dungeon)
  7057 | D:9      | Found a staircase to the Lair.
  7239 | D:10     | Entered Level 10 of the Dungeon
  7262 | D:10     | Found a shadowy altar of Dithmenos.
  7262 | D:10     | Noticed Grum
  7278 | D:10     | Killed Grum
  7326 | D:10     | Noticed a two-headed ogre
  7556 | D:10     | Noticed a manticore
  7573 | D:10     | Killed a manticore
  7717 | Lair:1   | Entered Level 1 of the Lair of Beasts
  7751 | Lair:1   | Noticed a spiny frog
  7755 | Lair:1   | Killed a spiny frog
  7959 | Lair:1   | Got a smoking ring mail
  7974 | Lair:1   | Received a gift from Okawaru
  7980 | Lair:1   | Reached skill level 10 in Armour
  7980 | Lair:1   | Reached XP level 11. HP: 88/101 MP: 15/15
  8072 | Lair:1   | Got a fine flail
  8108 | Lair:1   | Identified the +1 flail "Beetleslayer" {distort, rPois MR+
                  | Stlth+} (You found it on level 1 of the Lair of Beasts)
  8109 | Lair:1   | Identified the +1 ring mail of the Vaults {Dex+4} (You
                  | found it on level 1 of the Lair of Beasts)
  8622 | Lair:1   | Reached skill level 11 in Fighting
  9900 | Lair:2   | Found a staircase to the Shoals.
 10125 | Lair:3   | Reached skill level 1 in Evocations
 10529 | Lair:3   | Noticed a seven-headed hydra
 10538 | Lair:3   | Killed a ten-headed hydra
 10692 | Lair:3   | You fall into a shaft and drop 3 floors!
 10692 | Lair:6   | Entered Level 6 of the Lair of Beasts
 10703 | Lair:6   | Reached skill level 12 in Fighting
 10715 | Lair:6   | Found a staircase to the Slime Pits.
 10723 | Lair:6   | Noticed a harpy
 10731 | Lair:6   | Reached XP level 12. HP: 78/112 MP: 16/16
 10765 | Lair:6   | Received a gift from Okawaru
 10771 | Lair:6   | Got a slimy lajatang {god gift}
 10779 | Lair:6   | Got a smoking jade ring
 10830 | Lair:6   | Found a gate leading to a gauntlet.
 10838 | Lair:6   | Noticed a five-headed hydra
 10843 | Gauntlet | Entered a Gauntlet
 10843 | Gauntlet | Found a transporter.
 11010 | Gauntlet | Found a transporter.
 11026 | Gauntlet | Found a transporter.
 11031 | Gauntlet | Found a transporter.
 11046 | Gauntlet | Found a transporter.
 11065 | Gauntlet | Found a transporter.
 11065 | Gauntlet | Noticed an entropy weaver
 11074 | Gauntlet | Noticed a death ooze
 11077 | Gauntlet | Found a transporter.
 11089 | Gauntlet | Found a transporter.
 11090 | Gauntlet | Noticed a death ooze
 11101 | Gauntlet | Found a transporter.
 11101 | Gauntlet | Identified the +1 arbalest "Jelly's Undoing" {venom, rC+
                  | MP+9}
 11113 | Gauntlet | Found a transporter.
 11115 | Gauntlet | Noticed a dire elephant
 11130 | Gauntlet | Found a transporter.
 11148 | Gauntlet | Found a transporter.
 11150 | Gauntlet | Found a transporter.
 11177 | Gauntlet | Found a transporter.
 11177 | Gauntlet | Found a transporter.
 11197 | Gauntlet | Found a transporter.
 11275 | Gauntlet | Found a transporter.
 11297 | Gauntlet | Found a transporter.
 11449 | Gauntlet | Identified the ring of Internal Strife {rElec MR+++ Str+7
                  | Dex-3 Slay+4} (You found it on level 6 of the Lair of
                  | Beasts)
 11604 | Gauntlet | Reached skill level 15 in Axes
 11623 | Gauntlet | Got a pitted ruby amulet
 11752 | Gauntlet | Noticed a minotaur
 11756 | Gauntlet | Killed a minotaur
 11760 | Gauntlet | Identified the Tome of Talismans and Cold
 11777 | Gauntlet | Identified the amulet "Poequtz" {Inacc rN+} (You found it
                  | in a Gauntlet)
 11913 | Lair:6   | Received a gift from Okawaru
 11954 | Lair:5   | Noticed a four-headed hydra
 11963 | Lair:5   | Killed a two-headed hydra
 12282 | Lair:4   | Reached skill level 13 in Fighting
 12291 | Lair:4   | Noticed Snorg
 12307 | Lair:4   | Killed Snorg
 12532 | Lair:3   | Reached XP level 13. HP: 122/122 MP: 17/17
 12534 | Lair:3   | Found a hole to the Spider Nest.
 13454 | Lair:4   | Reached skill level 5 in Evocations
 14375 | Lair:5   | Received a gift from Okawaru
 14376 | Lair:5   | Got a bloodstained quick blade {god gift}
 14773 | Lair:1   | Identified the +3 quick blade "Tatypaxt" {vorpal, Int+2}
                  | (Okawaru gifted it to you on level 5 of the Lair of Beasts)
 15176 | Lair:6   | Received a gift from Okawaru
 15576 | Lair:6   | Noticed Kirke
 15587 | Lair:6   | Killed Kirke
 15595 | Lair:6   | Reached skill level 14 in Fighting
 15847 | Lair:6   | Reached XP level 14. HP: 132/132 MP: 18/18
 16481 | Lair:6   | Found the +4 Cigotuvi's embrace {rRot *Drain rN+}
 16751 | Lair:6   | Identified Uskuw's Reference Book on Lucky Conjuration
 16907 | Lair:1   | Gained mutation: You are occasionally teleported next to
                  | monsters. [potion of mutation]
 16907 | Lair:1   | Gained mutation: You are agile. (Dex +2) [potion of
                  | mutation]
 16908 | Lair:1   | Lost mutation: You are agile. (Dex +2) [potion of mutation]
 16908 | Lair:1   | Lost mutation: You are occasionally teleported next to
                  | monsters. [potion of mutation]
 16908 | Lair:1   | Gained mutation: You are somewhat resistant to further
                  | mutation. [potion of mutation]
 16909 | Lair:1   | Lost mutation: You are somewhat resistant to further
                  | mutation. [potion of mutation]
 16909 | Lair:1   | Gained mutation: You have supernaturally acute eyesight.
                  | (SInv) [potion of mutation]
 16909 | Lair:1   | Gained mutation: You are robust. (+10% HP) [potion of
                  | mutation]
 16909 | Lair:1   | Gained mutation: You are covered in fur. (AC +1) [potion of
                  | mutation]
 16910 | Lair:1   | Lost mutation: You are robust. (+10% HP) [potion of
                  | mutation]
 16910 | Lair:1   | Lost mutation: You have supernaturally acute eyesight.
                  | (SInv) [potion of mutation]
 16910 | Lair:1   | Lost mutation: You are covered in fur. (AC +1) [potion of
                  | mutation]
 16910 | Lair:1   | Gained mutation: Your spells are a little easier to cast,
                  | but a little less powerful. [potion of mutation]
 16910 | Lair:1   | Lost mutation: Your spells are a little easier to cast, but
                  | a little less powerful. [potion of mutation]
 16910 | Lair:1   | Gained mutation: Your flesh is cold resistant. (rC+)
                  | [potion of mutation]
 16910 | Lair:1   | Gained mutation: You are partially covered in thin metallic
                  | scales. (AC +2) [potion of mutation]
 16911 | Lair:1   | Lost mutation: Your flesh is cold resistant. (rC+) [potion
                  | of mutation]
 16911 | Lair:1   | Lost mutation: You are partially covered in thin metallic
                  | scales. (AC +2) [potion of mutation]
 16911 | Lair:1   | Gained mutation: Your spells are a little easier to cast,
                  | but a little less powerful. [potion of mutation]
 16911 | Lair:1   | Gained mutation: You expend magic power (3 MP) to
                  | strengthen your wands. [potion of mutation]
 16911 | Lair:1   | Gained mutation: You are clumsy. (Dex -2) [potion of
                  | mutation]
 16911 | Lair:1   | Gained mutation: You are resistant to hostile enchantments.
                  | (MR+) [potion of mutation]
 16912 | Lair:1   | Lost mutation: Your spells are a little easier to cast, but
                  | a little less powerful. [potion of mutation]
 16912 | Lair:1   | Lost mutation: You are clumsy. (Dex -2) [potion of
                  | mutation]
 16912 | Lair:1   | Lost mutation: You expend magic power (3 MP) to strengthen
                  | your wands. [potion of mutation]
 16912 | Lair:1   | Gained mutation: You are frail. (-10% HP) [potion of
                  | mutation]
 16912 | Lair:1   | Lost mutation: You are frail. (-10% HP) [potion of
                  | mutation]
 16912 | Lair:1   | Gained mutation: You are partially covered in molten
                  | scales. (AC +2) [potion of mutation]
 17046 | Slime:1  | Entered Level 1 of the Pits of Slime
 17050 | Slime:1  | Noticed an acid blob
 17063 | Slime:1  | Killed an acid blob
 17100 | Slime:2  | Noticed an acid blob
 17100 | Slime:2  | Noticed an acid blob
 17101 | Slime:2  | Noticed an azure jelly
 17102 | Slime:2  | Noticed an azure jelly
 17205 | Spider:1 | Entered Level 1 of the Spider Nest
 17214 | Spider:1 | Reached ****** piety under Okawaru
 17226 | Spider:1 | Received a gift from Okawaru
 17399 | Spider:1 | Noticed an emperor scorpion
 17418 | Spider:1 | Killed an emperor scorpion
 17418 | Spider:1 | Received a gift from Okawaru
 17577 | Spider:1 | You fall into a shaft and drop 1 floor!
 17827 | Spider:1 | Noticed an entropy weaver
 17832 | Spider:1 | Killed an entropy weaver
 17957 | Spider:1 | Noticed an entropy weaver
 17960 | Spider:1 | Killed an entropy weaver
 18680 | Spider:2 | Got an encrusted falchion
 18814 | Spider:2 | Noticed an emperor scorpion
 18826 | Spider:2 | Killed an emperor scorpion
 18843 | Spider:2 | Reached skill level 15 in Fighting
 19196 | Spider:2 | Noticed an entropy weaver
 19209 | Spider:2 | Killed an entropy weaver
 19209 | Spider:2 | Received a gift from Okawaru
 19231 | Spider:2 | Identified the cursed +3 falchion "Goap Ifi" {vorpal, rC+}
                  | (You found it on level 2 of the Spider Nest)
 19361 | Spider:2 | Noticed a ghost moth
 19367 | Spider:2 | Killed a ghost moth
 19590 | Spider:3 | Noticed Arachne
 19606 | Spider:3 | Killed Arachne
 19663 | Spider:3 | Reached XP level 15. HP: 103/141 MP: 19/19
 20076 | Spider:3 | Noticed a ghost moth
 20085 | Spider:3 | Killed a ghost moth
 20094 | Spider:3 | Identified the +3 kite shield "Eraox" {rElec rPois rCorr
                  | Str+4}
 20094 | Spider:3 | Noticed Donald
 20105 | Spider:3 | Killed Donald
 21062 | Spider:4 | Entered Level 4 of the Spider Nest
 21062 | Spider:4 | Noticed a ghost moth
 21069 | Spider:4 | Killed a ghost moth
 21069 | Spider:4 | Reached skill level 15 in Armour
 21293 | Spider:4 | Received a gift from Okawaru
 21294 | Spider:4 | Got a transparent battleaxe {god gift}
 21299 | Spider:4 | Identified the +6 battleaxe of the Dragonfly {freeze, +Rage
                  | rF+} (Okawaru gifted it to you on level 4 of the Spider
                  | Nest)
 22088 | D:10     | Noticed Fannar
 22100 | D:10     | Killed Fannar
 22240 | D:10     | Noticed Erolcha
 22244 | D:10     | Killed Erolcha
 23118 | D:11     | Reached skill level 16 in Fighting
 23527 | D:12     | Got a smoking kite shield
 23734 | D:12     | Received a gift from Okawaru
 24116 | D:12     | Found a staircase to the Orcish Mines.
 24396 | Lair:1   | Lost mutation: You are partially covered in molten scales.
                  | (AC +2) [potion of mutation]
 24396 | Lair:1   | Lost mutation: You are resistant to hostile enchantments.
                  | (MR+) [potion of mutation]
 24396 | Lair:1   | Gained mutation: Your body sometimes deteriorates upon
                  | taking damage. [potion of mutation]
 24396 | Lair:1   | Gained mutation: Your system is resistant to poisons.
                  | (rPois) [potion of mutation]
 24396 | Lair:1   | Gained mutation: Your flesh is cold resistant. (rC+)
                  | [potion of mutation]
 24418 | Lair:1   | Identified a scroll of acquirement
 24418 | Lair:1   | Acquired the amulet of Fufroqei {RegenMP rElec rN+ MP+9
                  | Int-3 Slay+5}
 24452 | Lair:1   | Identified the +6 kite shield of Watchfulness {+Blink
                  | Str+3} (You found it on level 12 of the Dungeon)
 24887 | Spider:4 | Received a gift from Okawaru
 24890 | Spider:4 | Got a pitted battleaxe {god gift}
 24901 | Spider:4 | Noticed a ghost moth
 24917 | Spider:4 | Killed a ghost moth
 25239 | Spider:4 | Reached XP level 16. HP: 151/152 MP: 21/21
 25359 | Spider:4 | Received a gift from Okawaru
 25373 | Spider:4 | Got an ancient great mace {god gift}
 25473 | Spider:4 | Got a gossamer rune of Zot
 25815 | Lair:1   | Identified the +1 great mace "Ycvoph" {vorpal, *Noise
                  | Dex+7} (Okawaru gifted it to you on level 4 of the Spider
                  | Nest)
 25816 | Lair:1   | Identified the +4 battleaxe "Domiz" {elec, rElec Dex+2}
                  | (Okawaru gifted it to you on level 4 of the Spider Nest)
 25870 | Shoals:1 | Entered Level 1 of the Shoals
 26428 | Shoals:1 | Reached skill level 17 in Fighting
 26668 | Shoals:1 | Identified Roxanne's Papyrus of Clay
 26668 | Shoals:1 | Noticed Roxanne
 26893 | Shoals:1 | Reached skill level 5 in Shields
 27190 | Shoals:2 | Received a gift from Okawaru
 28823 | Orc:1    | Entered Level 1 of the Orcish Mines
 29010 | Orc:2    | Entered Level 2 of the Orcish Mines
 29013 | Orc:2    | Found a staircase to the Elven Halls.
 29068 | Orc:1    | Found Jegreyd's Magic Scroll Boutique.
 29077 | Orc:1    | Found a frozen archway.
 29088 | IceCv    | Entered an ice cave
 29298 | IceCv    | Received a gift from Okawaru
 29299 | IceCv    | Got a polished cloak {god gift}
 29503 | IceCv    | Got a clouded turquoise ring
 30224 | Orc:2    | Noticed Saint Roka
 30554 | Orc:1    | Killed Saint Roka
 30554 | Orc:1    | Reached skill level 10 in Evocations
 30764 | Orc:2    | Found a roughly hewn altar of Beogh.
 31047 | Orc:2    | Found Kocvu's Book Boutique.
 31096 | Orc:2    | Found Niatixtu's General Store.
 31162 | Orc:2    | Found a roughly hewn altar of Beogh.
 31295 | Orc:2    | Found Ocoezun's Antique Weapon Boutique.
 31428 | Orc:2    | Found Poampurril's Antique Armour Boutique.
 31602 | Lair:1   | Identified the -2 cloak of Inaction {Str+3 Slay+3} (Okawaru
                  | gifted it to you in an ice cave)
 31620 | Lair:1   | Identified the ring "Fafenin" {MR+ Int+5 Stlth-} (You found
                  | it in an ice cave)
 31830 | Slime:1  | Killed an acid blob
 31830 | Slime:1  | Reached XP level 17. HP: 83/163 MP: 23/23
 32047 | Slime:2  | Noticed an acid blob
 32066 | Slime:1  | Killed an acid blob
 32174 | Slime:2  | Killed an acid blob
 32193 | Slime:2  | Reached skill level 18 in Fighting
 32535 | Slime:2  | Noticed an acid blob
 32544 | Slime:2  | Killed an acid blob
 32544 | Slime:2  | Received a gift from Okawaru
 32819 | Slime:2  | Noticed an acid blob
 32826 | Slime:2  | Killed an acid blob
 32830 | Slime:2  | Noticed an acid blob
 32846 | Slime:2  | Killed an acid blob
 33364 | D:13     | Found a gate to the Vaults.
 33364 | D:13     | Noticed Urug
 33364 | D:13     | Noticed Rupert
 33417 | D:12     | Killed Rupert
 34037 | D:13     | You fall into a shaft and drop 2 floors!
 34037 | D:15     | Entered Level 15 of the Dungeon
 34046 | D:15     | Reached skill level 10 in Shields
 34498 | D:13     | Killed Urug
 35028 | D:5      | Bought a polished hand axe for 216 gold pieces
 35028 | D:5      | Identified the +1 hand axe of the Lair of Beasts {vorpal,
                  | *Noise +Fly Str+3 SInv} (You bought it in a shop on level 5
                  | of the Dungeon)
 35155 | Lair:1   | Acquired the +3 pair of boots of Henotheism {MR++ Str+5
                  | Slay+3}
 35264 | Orc:2    | Bought a scorched cloak for 275 gold pieces
 35276 | Orc:2    | Identified the +1 cloak of Nudocamo {Slay+3} (You bought it
                  | in a shop on level 2 of the Orcish Mines)
 35366 | D:14     | Received a gift from Okawaru
 35618 | D:14     | Lost mutation: Your body sometimes deteriorates upon taking
                  | damage. [potion of mutation]
 35618 | D:14     | Lost mutation: Your system is resistant to poisons. (rPois)
                  | [potion of mutation]
 35618 | D:14     | Gained mutation: You have large cloven feet. [potion of
                  | mutation]
 35618 | D:14     | Gained mutation: You possess an exceptional clarity of
                  | mind. [potion of mutation]
 35618 | D:14     | Gained mutation: Your mind is acute. (Int +2) [potion of
                  | mutation]
 35844 | D:14     | Got a translucent plate armour
 36300 | D:14     | Identified the cursed +0 plate armour "Gatse" {Harm *Drain
                  | rC++ MR+} (You found it on level 14 of the Dungeon)
 36381 | Lair:1   | Identified the +1 lajatang of Fragile Peace {venom, Fragile
                  | +Fly Dex+3 Stlth+} (Okawaru gifted it to you on level 6 of
                  | the Lair of Beasts)
 36590 | D:15     | Found a staircase to the Depths.
 36609 | D:15     | Reached skill level 19 in Fighting
 36783 | D:15     | Noticed Dycaefio's ghost (journeyman MiFi)
 36784 | D:15     | Found a runed translucent door.
 37106 | D:15     | Killed Dycaefio's ghost
 37146 | D:15     | Got a transparent scale mail
 37276 | Lair:1   | Identified the cursed +0 scale mail "Figiriow" {-Cast rCorr
                  | Slay-2 Stlth+} (You found it on level 15 of the Dungeon)
 37375 | Elf:1    | Entered Level 1 of the Elven Halls
 37577 | Elf:1    | Reached XP level 18. HP: 131/176 MP: 24/24
 38106 | Elf:1    | Noticed Xihoome's ghost (veteran MiGl)
 38160 | Elf:1    | Received a gift from Okawaru
 38161 | Elf:1    | Got a crude chain mail {god gift}
 38559 | Elf:1    | Found a transporter.
 38575 | Elf:1    | Found a transporter.
 39225 | Elf:2    | Reached skill level 20 in Fighting
 39338 | Elf:2    | Found a huge runed translucent gate.
 39338 | Elf:2    | Found a huge runed translucent gate.
 39338 | Elf:2    | Found a huge runed translucent gate.
 39338 | Elf:2    | Found a huge runed translucent gate.
 39338 | Elf:2    | Found a huge runed translucent gate.
 40375 | Lair:1   | Identified the +2 chain mail of Morality {rPois rC- Str-3
                  | Stlth+} (Okawaru gifted it to you on level 1 of the Elven
                  | Halls)
 40446 | Vaults:1 | Entered Level 1 of the Vaults
 40860 | Vaults:1 | Got a steaming buckler
 41305 | Vaults:1 | Received a gift from Okawaru
 41311 | Vaults:1 | Got a crystal broad axe {god gift}
 41396 | Vaults:1 | Noticed a Brimstone Fiend
 42711 | Vaults:2 | You fall into a shaft and drop 1 floor!
 42714 | Vaults:3 | Reached skill level 21 in Fighting
 42829 | Vaults:3 | Reached XP level 19. HP: 144/189 MP: 25/25
 43174 | Vaults:3 | Received a gift from Okawaru
 43175 | Vaults:3 | Got a pair of bloodstained boots {god gift}
 43501 | Vaults:2 | Got a crude robe
 43711 | Vaults:2 | Found a staircase to the Crypt.
 44488 | Vaults:2 | Found a blossoming altar of Fedhas.
 44825 | Vaults:3 | Reached skill level 22 in Fighting
 45070 | Vaults:3 | Received a gift from Okawaru
 45071 | Vaults:3 | Got a crystal broad axe {god gift}
 45282 | Vaults:3 | You fall into a shaft and drop 1 floor!
 46386 | Vaults:3 | Noticed Sojobo
 46399 | Vaults:3 | Killed Sojobo
 46473 | Vaults:3 | Received a gift from Okawaru
 46474 | Vaults:3 | Got a warped kite shield {god gift}
 46895 | Lair:1   | Identified the +2 pair of boots of the Serpent {+Inv rF+
                  | rC- Slay+5} (Okawaru gifted it to you on level 3 of the
                  | Vaults)
 46918 | Lair:1   | Identified the +0 robe of Nesaitz {rPois Dex+3 Stlth+} (You
                  | found it on level 2 of the Vaults)
 46932 | Lair:1   | Identified the +7 broad axe of Daggav {flame, *Rage Str+5}
                  | (Okawaru gifted it to you on level 1 of the Vaults)
 46933 | Lair:1   | Identified the +10 broad axe "Killer Klown's Peril"
                  | {antimagic, *Drain rN+++ Str+4 Int-2} (Okawaru gifted it to
                  | you on level 3 of the Vaults)
 46940 | Lair:1   | Identified the +0 buckler of the Thinker {*Slow rC+ Int+10}
                  | (You found it on level 1 of the Vaults)
 46950 | Lair:1   | Identified the +4 kite shield of Mirth {Int+4} (Okawaru
                  | gifted it to you on level 3 of the Vaults)
 47384 | Vaults:4 | Found Erghaal's Armour Emporium.
 47461 | Vaults:4 | Reached XP level 20. HP: 193/202 MP: 11/26
 49389 | Shoals:4 | Entered Level 4 of the Shoals
 49772 | Shoals:4 | Received a gift from Okawaru
 49773 | Shoals:4 | Found the +8 mithril axe "Arga" {speed, MR+}
 49836 | Shoals:4 | Got a barnacled rune of Zot
 50057 | Shoals:4 | Found a runed translucent door.
 50057 | Shoals:4 | Noticed Acheron's ghost (adept MiBe)
 50080 | Shoals:4 | Killed Acheron's ghost
 50314 | Shoals:4 | Found the +7 sceptre of Torment {pain, torment}
 50966 | Slime:5  | Entered Level 5 of the Pits of Slime
 50984 | Slime:5  | Reached skill level 15 in Shields
 50988 | Slime:5  | Received a gift from Okawaru
 51000 | Slime:5  | Noticed the Royal Jelly
 51011 | Slime:5  | Reached skill level 23 in Fighting
 51022 | Slime:5  | Killed the Royal Jelly
 51756 | Slime:5  | Got a twisted hand axe
 51816 | Slime:5  | Got a polished plate armour
 51820 | Slime:5  | Got a scintillating wooden ring
 51856 | Slime:5  | Got a slimy rune of Zot
 51859 | Slime:5  | Identified Kosm's Tome of the Noxious Glacier
 52097 | Lair:1   | Identified the +2 plate armour "Koxam" {rN+ Int+3} (You
                  | found it on level 5 of the Pits of Slime)
 52110 | Lair:1   | Identified the ring "Jauwop" {rElec Int+4 Dex+7 Stlth-}
                  | (You found it on level 5 of the Pits of Slime)
 52119 | Lair:1   | Identified the +8 hand axe of the Dead {vorpal, Str+3
                  | Int+3} (You found it on level 5 of the Pits of Slime)
 52249 | Elf:3    | Entered Level 3 of the Elven Halls
 52324 | Elf:3    | Found a huge runed gate.
 52324 | Elf:3    | Found a huge runed gate.
 52326 | Elf:3    | Found a huge runed gate.
 52330 | Elf:3    | Found a huge runed gate.
 52330 | Elf:3    | Found a huge runed gate.
 52331 | Elf:3    | Found a huge runed gate.
 52579 | Elf:3    | Received a gift from Okawaru
 52579 | Elf:3    | Reached XP level 21. HP: 212/212 MP: 12/28
 52600 | Elf:3    | Found a huge runed gate.
 52600 | Elf:3    | Found a huge runed gate.
 52600 | Elf:3    | Found a huge runed gate.
 52600 | Elf:3    | Found a huge runed gate.
 52600 | Elf:3    | Found a huge runed gate.
 52600 | Elf:3    | Found a huge runed gate.
 52601 | Elf:3    | Found a huge runed gate.
 52602 | Elf:3    | Found a huge runed gate.
 52625 | Elf:3    | Found a huge runed gate.
 52625 | Elf:3    | Found a huge runed gate.
 52625 | Elf:3    | Found a huge runed gate.
 52633 | Elf:3    | Found a huge runed gate.
 52633 | Elf:3    | Found a huge runed gate.
 52633 | Elf:3    | Found a huge runed gate.
 52660 | Elf:3    | Found a huge runed gate.
 52665 | Elf:3    | Found a huge runed gate.
 52976 | Elf:3    | Found a huge runed gate.
 52976 | Elf:3    | Found a huge runed gate.
 53030 | Elf:3    | Found a huge runed gate.
 53030 | Elf:3    | Found a huge runed gate.
 53031 | Elf:3    | Found a huge runed gate.
 53034 | Elf:3    | Found a huge runed gate.
 53888 | Elf:3    | Received a gift from Okawaru
 53888 | Elf:3    | Reached skill level 24 in Fighting
 53914 | Elf:3    | Identified the +0 leather armour "Gudylim" {rF+ MR+}
 54137 | Elf:3    | Identified the cursed +3 flail of Satyriasis {vorpal, MR+
                  | Str+5 Int-3}
 54137 | Elf:3    | Identified the amulet of Foolhardiness {Faith rN+}
 54199 | Elf:3    | Found the +5 demon whip "Spellbinder" {antimagic, MR+}
 54207 | Elf:3    | Got a smoking brass ring
 54214 | Elf:3    | Got a flickering tin amulet
 54476 | Lair:1   | Identified the amulet of the Disturbing Beasts {RegenMP
                  | Int+4 Dex-4 Slay+5} (You found it on level 3 of the Elven
                  | Halls)
 54477 | Lair:1   | Identified the ring of Sarullis {*Contam rN+ Str+4 Int+6
                  | Dex+7} (You found it on level 3 of the Elven Halls)
 54696 | Vaults:5 | Entered Level 5 of the Vaults
 54722 | Vaults:5 | Was placed under penance by Okawaru
 54741 | Vaults:5 | Was forgiven by Okawaru
 54741 | Vaults:5 | Reached skill level 25 in Fighting
 54756 | Vaults:5 | Received a gift from Okawaru
 54757 | Vaults:5 | Got a jewelled hand axe {god gift}
 54778 | Vaults:5 | Noticed an ancient lich
 54785 | Vaults:5 | Noticed a golden dragon
 54787 | Vaults:5 | Killed an ancient lich
 54791 | Vaults:5 | Reached XP level 22. HP: 136/226 MP: 10/30
 54796 | Vaults:5 | Killed a golden dragon
 54796 | Vaults:5 | Received a gift from Okawaru
 54905 | Vaults:5 | Identified the +7 flail "Hell-Harrower" {freeze, rF+ rC+}
 55168 | Vaults:5 | Identified the +5 war axe "Cihobb" {antimagic, rElec rF+
                  | Str-2}
 55273 | Vaults:5 | Noticed a golden dragon
 55278 | Vaults:5 | Killed a golden dragon
 55428 | Vaults:5 | Received a gift from Okawaru
 55429 | Vaults:5 | Got a pair of jewelled gloves {god gift}
 55435 | Vaults:5 | Reached skill level 26 in Fighting
 55847 | Vaults:5 | Identified Sif Muna's Grimoire of Weightlessness and Dark
                  | Rites
 55877 | Vaults:5 | Got a brightly glowing cloak
 55902 | Vaults:5 | Got a faintly humming plate armour
 56226 | Lair:1   | Identified the +3 plate armour of Defiance {rCorr} (You
                  | found it on level 5 of the Vaults)
 56227 | Lair:1   | Identified the +1 cloak of Wucevep {rF+ MR+ SInv} (You
                  | found it on level 5 of the Vaults)
 56238 | Lair:1   | Identified the +0 pair of gloves of Ziary {rN+ MR- Regen+
                  | SInv} (Okawaru gifted it to you on level 5 of the Vaults)
 56239 | Lair:1   | Identified the +6 hand axe of Tenacity {drain, *Drain rPois
                  | MR- SInv} (Okawaru gifted it to you on level 5 of the
                  | Vaults)
 56713 | Elf:2    | Noticed Agnes
 56718 | Elf:2    | Killed Agnes
 57005 | Elf:1    | Killed Xihoome's ghost
 57010 | Elf:1    | Got an ichor-stained hat
 57265 | Shoals:1 | Killed Roxanne
 57537 | Vaults:5 | Reached skill level 27 in Fighting
 57629 | Vaults:5 | Received a gift from Okawaru
 57713 | Vaults:5 | Identified the +1 hat of the Saviour {*Slow rF+ Dex+4} (You
                  | found it on level 1 of the Elven Halls)
 57868 | Vaults:5 | Got a silver rune of Zot
 57928 | Vaults:5 | Reached XP level 23. HP: 240/240 MP: 10/32
 58246 | Vaults:5 | Got an ancient chain mail
 58341 | Vaults:5 | Received a gift from Okawaru
 58425 | Vaults:5 | Identified the Reference Book on Twisted Companions
 58483 | Vaults:5 | Reached skill level 15 in Evocations
 58608 | Vaults:5 | Found the amulet of the Air {Inacc +Fly rElec EV+5 RMsl}
 60790 | Elf:3    | Identified the cursed +1 chain mail "Lussokymm" {rPois
                  | Str-2 Dex+4} (You found it on level 5 of the Vaults)
 60934 | Depths:1 | Entered Level 1 of the Depths
 60945 | Depths:1 | Reached skill level 1 in Throwing
 61020 | Depths:1 | Found a gateway to Hell.
 61213 | Depths:1 | Found Luamn's Book Shoppe.
 61223 | Depths:1 | Found Macinam's Book Boutique.
 61314 | Depths:1 | Found Ishax's Jewellery Shop.
 61337 | Depths:1 | Reached skill level 5 in Throwing
 61511 | Depths:1 | Found Jiracw's Armour Boutique.
 61520 | Depths:1 | Found Kovis's Jewellery Emporium.
 61521 | Depths:1 | Found Timpykila's Gadget Shop.
 61523 | Depths:1 | Found Belescha's Jewellery Emporium.
 61547 | Depths:1 | Noticed Bai Suzhen
 61562 | Depths:1 | Killed Bai Suzhen
 61671 | Depths:1 | Found a portal to a secret trove of treasure.
 61805 | Depths:1 | Found Obroim's Distillery.
 61813 | Depths:1 | Bought a potion of berserk rage for 85 gold pieces
 61950 | Depths:2 | Found Tire's Antique Weapon Shop.
 61968 | Depths:2 | Received a gift from Okawaru
 61989 | Depths:2 | Received a gift from Okawaru
 61990 | Depths:2 | Got a pitted hand crossbow {god gift}
 62622 | Depths:2 | Found a one-way gate to the infinite horrors of the Abyss.
 62927 | Depths:2 | Reached XP level 24. HP: 249/249 MP: 11/33
 63153 | Lair:1   | Identified the +2 hand crossbow of Folackekk {elec, *Contam
                  | rPois Stlth+} (Okawaru gifted it to you on level 2 of the
                  | Depths)
 63326 | Depths:2 | Voluntarily entered the Abyss.
 63351 | Abyss:1  | Received a gift from Okawaru
 63721 | Abyss:1  | Received a gift from Okawaru
 63800 | Abyss:2  | Found a stormy altar of Qazlal.
 63829 | Abyss:3  | Found a corrupted altar of Lugonu.
 64037 | Abyss:3  | Received a gift from Okawaru
 64141 | Abyss:3  | Paralysed by you for 6 turns
 64152 | Abyss:3  | Reached skill level 10 in Throwing
 64720 | Abyss:4  | Found a corrupted altar of Lugonu.
 64831 | Abyss:4  | Gained mutation: You passively map a small area around you.
                  | [a neqoxec]
 65158 | Abyss:4  | Received a gift from Okawaru
 65188 | Abyss:4  | Received a gift from Okawaru
 65276 | Abyss:4  | Received a gift from Okawaru
 65516 | Abyss:4  | Reached XP level 25. HP: 234/257 MP: 11/33
 65525 | Abyss:4  | Paralysed by accursed screaming for 1 turns
 65705 | Abyss:4  | Gained mutation: Your body sometimes deteriorates upon
                  | taking damage. [a neqoxec]
 65723 | Abyss:4  | Lost mutation: Your mind is acute. (Int +2) [a neqoxec]
 66032 | Abyss:4  | Gained mutation: You are dopey. (Int -2) [a neqoxec]
 66334 | Abyss:4  | Received a gift from Okawaru
 67040 | Abyss:4  | Found a glowing golden altar of the Shining One.
 67137 | Abyss:4  | Found a glowing golden altar of the Shining One.
 67165 | Abyss:4  | Noticed a juggernaut
 67173 | Abyss:4  | Killed a juggernaut
 67180 | Abyss:4  | Got an abyssal rune of Zot
 67216 | Abyss:4  | Paralysed by accursed screaming for 1 turns
 67252 | Abyss:4  | Paralysed by accursed screaming for 1 turns
 67265 | Abyss:4  | Reached skill level 1 in Dodging
 67327 | Abyss:4  | Received a gift from Okawaru
 67355 | Depths:2 | Escaped the Abyss
 67526 | Depths:2 | Voluntarily entered the Abyss.
 67570 | Abyss:1  | Received a gift from Okawaru
 67573 | Abyss:1  | Reached XP level 26. HP: 182/266 MP: 11/33
 67635 | Abyss:1  | Reached skill level 5 in Dodging
 67642 | Abyss:1  | Noticed an ancient lich
 67655 | Abyss:1  | Killed an ancient lich
 67838 | Abyss:1  | Found a corrupted altar of Lugonu.
 68502 | Abyss:1  | Lost mutation: You possess an exceptional clarity of mind.
                  | [a neqoxec]
 68682 | Abyss:1  | Received a gift from Okawaru
 68798 | Abyss:1  | Paralysed by accursed screaming for 1 turns
 68802 | Depths:2 | Escaped the Abyss
 68963 | Lair:1   | Identified a +0 pair of boots of running (Okawaru gifted it
                  | to you on level 4 of the Abyss)
 69368 | Depths:2 | Found a glowing silver altar of Zin.
 69368 | Depths:2 | Noticed Mennas
 69389 | Depths:2 | Killed Mennas
 69720 | Depths:2 | Voluntarily entered the Abyss.
 69809 | Abyss:1  | Paralysed by accursed screaming for 1 turns
 69813 | Abyss:1  | Paralysed by accursed screaming for 2 turns
 69820 | Abyss:1  | Reached skill level 10 in Dodging
 69824 | Abyss:1  | Paralysed by accursed screaming for 1 turns
 70152 | Abyss:1  | Paralysed by accursed screaming for 1 turns
 70458 | Abyss:1  | Gained mutation: Scrolls take you longer to read. [a
                  | neqoxec]
 70471 | Abyss:1  | Gained mutation: You are clumsy. (Dex -2) [a neqoxec]
 71027 | Abyss:1  | Found a corrupted altar of Lugonu.
 71146 | Abyss:1  | Gained mutation: Potions are less effective at restoring
                  | your health. [a neqoxec]
 71153 | Abyss:1  | Gained mutation: Your magical capacity is low. (-10% MP) [a
                  | neqoxec]
 71381 | Abyss:1  | Gained mutation: Scrolls take you longer to read. [a
                  | neqoxec]
 71597 | Abyss:1  | Received a gift from Okawaru
 71615 | Abyss:1  | Gained mutation: Your spells are a little easier to cast,
                  | but a little less powerful. [a cacodemon]
 71751 | Abyss:1  | Received a gift from Okawaru
 71764 | Abyss:1  | Reached XP level 27. HP: 273/273 MP: 10/31
 71826 | Abyss:1  | Paralysed by you for 5 turns
 71998 | Abyss:2  | Found a bloodstained altar of Trog.
 72180 | Abyss:2  | Got a smoking ring mail
 72205 | Abyss:2  | Got a masterwork mace
 72316 | Abyss:2  | Found an ancient bone altar of Kikubaaqudgha.
 72345 | Depths:2 | Escaped the Abyss
 72356 | Depths:2 | Acquired 2070 gold pieces
 72632 | Crypt:1  | Entered Level 1 of the Crypt
 74071 | Crypt:2  | Found an ancient bone altar of Kikubaaqudgha.
 74289 | Lair:1   | Lost mutation: You are clumsy. (Dex -2) [potion of
                  | mutation]
 74289 | Lair:1   | Lost mutation: Scrolls take you longer to read. [potion of
                  | mutation]
 74289 | Lair:1   | Gained mutation: You are weak. (Str -2) [potion of
                  | mutation]
 74289 | Lair:1   | Lost mutation: Potions are less effective at restoring your
                  | health. [potion of mutation]
 74289 | Lair:1   | Lost mutation: Your spells are a little easier to cast, but
                  | a little less powerful. [potion of mutation]
 74290 | Lair:1   | Lost mutation: Your magical capacity is low. (-10% MP)
                  | [potion of mutation]
 74290 | Lair:1   | Lost mutation: Your flesh is cold resistant. (rC+) [potion
                  | of mutation]
 74290 | Lair:1   | Lost mutation: You are weak. (Str -2) [potion of mutation]
 74290 | Lair:1   | Gained mutation: You tend to lose your temper in combat.
                  | [potion of mutation]
 74290 | Lair:1   | Gained mutation: Your spells are a little harder to cast,
                  | but a little more powerful. [potion of mutation]
 74290 | Lair:1   | Lost mutation: Your spells are a little harder to cast, but
                  | a little more powerful. [potion of mutation]
 74290 | Lair:1   | Gained mutation: You are somewhat resistant to further
                  | mutation. [potion of mutation]
 74291 | Lair:1   | Lost mutation: Your body sometimes deteriorates upon taking
                  | damage. [potion of mutation]
 74291 | Lair:1   | Lost mutation: Scrolls take you a little longer to read.
                  | [potion of mutation]
 74291 | Lair:1   | Lost mutation: You tend to lose your temper in combat.
                  | [potion of mutation]
 74291 | Lair:1   | Lost mutation: You are dopey. (Int -2) [potion of mutation]
 74291 | Lair:1   | Lost mutation: You are somewhat resistant to further
                  | mutation. [potion of mutation]
 74291 | Lair:1   | Gained mutation: You possess an exceptional clarity of
                  | mind. [potion of mutation]
 74445 | Crypt:3  | Entered Level 3 of the Crypt
 74808 | Crypt:3  | Found a staircase to the Tomb.
 75029 | Crypt:3  | Got a coiled lead ring
 75035 | Crypt:3  | Received a gift from Okawaru
 75053 | Crypt:3  | Got a smoking rapier
 75054 | Crypt:3  | Identified the Handbook of Stolen Souls
 75059 | Crypt:3  | Got a smoking glaive
 75203 | Crypt:3  | Identified the ring of Aqetz {*Tele MR+} (You found it on
                  | level 3 of the Crypt)
 75608 | Tomb:1   | Entered Level 1 of the Tomb of the Ancients
 75642 | Tomb:1   | Noticed Jory
 75652 | Tomb:1   | Killed Jory
 75807 | Tomb:1   | Received a gift from Okawaru
 76234 | Tomb:1   | Noticed a greater mummy
 76246 | Tomb:1   | Killed a greater mummy
 76306 | Tomb:1   | Received a gift from Okawaru
 76307 | Tomb:1   | Got a silken robe {god gift}
 76987 | Tomb:2   | Noticed a greater mummy
 76987 | Tomb:2   | Noticed a greater mummy
 76988 | Tomb:2   | Noticed a greater mummy
 76988 | Tomb:2   | Noticed a greater mummy
 77000 | Tomb:2   | HP: 10/273 [greater mummy (17)]
 77001 | Tomb:2   | HP: 1/273 [greater mummy (11)]
 77005 | Tomb:2   | Killed from afar by a mummy priest

Illustrated notes

Levels and vault maps discovered:
D:1:      nicolae_arrival_somewhat_less_tricky_arrival, layout_basic
D:2:      layout_loops_ring, marbit_many_paths, minmay_joined_circles
D:3:      layout_basic, chequers_serial_rivers_marsh, minmay_misc_feat_chi,
          minmay_misc_feat_doors, kennysheep_flooded_box, hex_medium,
          uniq_grinder
D:4:      layout_basic, old_standard_altar, kennysheep_vampire_church,
          minmay_temple_entry_fiery, first_ration
D:5:      layout_rooms, serial_shops, shop
D:6:      layout_basic, kennysheep_little_box, uniq_eustachio
D:7:      layout_basic, nemelex_xobeh_ov_fountains_minmay, lemuel_crystal_altar,
          uniq_duvessa
D:8:      layout_basic, chequers_temple_overflow_statue_of_worship,
          lemuel_crystal_altar, basic_altar, roderic_lattice_a,
          hangedman_pestilent_swarm, cheibrodos_worm_habitat, uniq_pikel,
          uniq_psyche
D:9:      layout_cross, dpeg_oklobed_lair, serial_shops, shop
D:10:     layout_basic, basic_altar, grunt_potential, uniq_fannar, uniq_grum,
          uniq_erolcha
D:11:     layout_gridville
D:12:     layout_roguey, orc_0_dummy
D:13:     layout_irregular_city, david_vaults_3
D:14:     layout_basic, minivault_4
D:15:     hangedman_depths_entry_civil_slaughter, layout_rooms,
          ebering_ghost_inner_flame, ebering_dispersal_statue_hall,
          water_boxes_lemuel
Temple:   nicolae_temple_hex_pool
Lair:1:   layout_loops_ring, hangedman_lair_generics_rect
Lair:2:   layout_regular_city, minmay_shoals_entry_hut
Lair:3:   layout_regular_city, spider_nest_entry_rubble, lemuel_fruit_tree,
          infiniplex_staircase_pool
Lair:4:   lemuel_reptile_caves, layout_regular_city, grunt_megastairs_2,
          uniq_snorg
Lair:5:   layout_regular_city, minmay_lair_oklob_items, minmay_hedge_maze,
          serial_bayou_shore_a, grunt_megastairs_3
Lair:6:   gammafunk_lair_ancient_temple, layout_cave_pods,
          nicolae_slime_entry_slimehenge, gauntlet_entry_generic,
          chequers_serial_rivers_large_a, nicolae_quartered_pool_little,
          lookout_lair_type, infiniplex_staircase_pool_2, uniq_kirke
Shoals:1: layout_shoals, uniq_roxanne
Shoals:2: layout_shoals
Shoals:3: layout_shoals
Shoals:4: shoals_end_hangedman, layout_shoals, gammafunk_ghost_grave,
          ldierk_geyser, nicolae_shoals_mertower
Spider:1: layout_spider_delve
Spider:2: layout_spider_delve
Spider:3: layout_chambers, uniq_donald, uniq_arachne
Spider:4: spider_rune_water
Slime:1:  layout_caves
Slime:2:  layout_caves, cheibrodos_slime_lost_civilization_6
Slime:3:  layout_caves
Slime:4:  layout_caves
Slime:5
Orc:1:    layout_caves, portal_ice_cave_entry_pillars_2, serial_shops, shop
Orc:2:    grunt_orc_cross, layout_caves, basic_altar
Elf:1:    layout_loops_ring, gammafunk_ghost_berserking_beasts, minivault_28,
          drop_trap
Elf:2:    layout_geoelf_octagon, uniq_agnes
Elf:3:    minmay_elf_hall_dome, layout_geoelf_grid, drop_trap, door_vault,
          uniq_saint_roka
Vaults:1: hangedman_vaults_stagger, hangedman_vaults_stitches,
          ontoclasm_vaults_idyll, vaults_room_door_ring, layout_vaults_omnigrid
Vaults:2: vaults_room_octagon, v_misc_25, nicolae_vaults_diagonal_hallway_9,
          vaults_room_grunt_arrival_ludios, minmay_crypt_entry_simple_corners,
          hangedman_vaults_restitches, v_misc_5, grunt_vaults_focal, v_misc_26,
          layout_vaults_big_room, basic_altar
Vaults:3: vaults_room_fancy_cross, ontoclasm_vaults_eye, v_misc_27,
          ontoclasm_vaults_tryst, nicolae_vaults_ninety_degrees,
          vaults_room_pools, grunt_vaults_swirl, vaults_mumra_lcd,
          dpeg_vaults_monster_row, vaults_mumra_minichess, vaults_dpeg_ring,
          nicolae_vaults_know_your_exits, nicolae_vaults_little_squares_2,
          ontoclasm_vaults_ring_small, layout_vaults_ring, uniq_sojobo
Vaults:4: ontoclasm_vaults_claustrophobia, v_misc_5, vaults_room_fancy_cross,
          nicolae_vaults_network_star, nicolae_vaults_little_squares_6,
          nicolae_vaults_shelves_hall, v_pattern_1, vaults_room_boxed,
          ontoclasm_vaults_chip, vaults_room_fours, layout_vaults_omnicross,
          serial_shops, shop
Vaults:5: serial_shops
Crypt:1:  layout_chaotic_city, grunt_megastairs_4
Crypt:2:  layout_chaotic_city, lemuel_mausoleum_altar_kikubaaqudgha,
          roderic_lattice_octagonal_star
Crypt:3:  david_glass_crypt, layout_gridlike, tomb_entry_shell_bobbens
Tomb:1:   uniq_jory
Tomb:2
Depths:1: layout_cave_pools, enter_trove_3, serial_shops, shop, shop, shop,
          shop_coins, kennysheep_mini, hell_entry, serial_bayou_shore_b,
          minmay_alternating_orb, minmay_shop_grove, uniq_bai_suzhen
Depths:2: evilmike_silver_temple, layout_cave_pools,
          abyss_entry_small_statue_room, chequers_serial_rivers_marsh,
          hellmouth_1, serial_shops, shop

Skill      XL: |  1  2  3  4  5  6  7  8  9 10 11 12 13 14 15 16 17 18 19 20 21 22 23 24 25 26 27 |
---------------+----------------------------------------------------------------------------------+-----
Fighting       | 4 5 6 7 8 9 10 12 13 14 15 16 17 19 21 22 23 25 27 | 27.0
Armour         | 4 5 6 7 8 10 11 12 13 14 16 17 18 20 22 | 22.5
Shields        | 4 8 10 15 18 21 25 | 25.0
Axes           | 3 4 6 8 10 12 14 15 17 19 20 | 20.0
Invocations    | 2 3 5 6 7 |  7.0
Evocations     | 2 4 6 7 8 10 12 14 15 17 21 | 21.0
Throwing       | 8 12 | 12.0
Dodging        | 4 12 | 12.0

Action                   |  1- 3 |  4- 6 |  7- 9 | 10-12 | 13-15 | 16-18 | 19-21 | 22-24 | 25-27 || total
-------------------------+-------+-------+-------+-------+-------+-------+-------+-------+-------++-------
Melee: War axe           |    87 |   148 |     7 |       |       |    79 |       |       |       ||   321
       Headbutt          |    15 |    29 |    20 |    62 |   173 |   267 |   295 |   413 |   548 ||  1822
       Battleaxe         |       |       |   110 |   287 |   647 |   809 |   267 |       |       ||  2120
       Hand axe          |       |       |       |     5 |     3 |       |       |       |       ||     8
       Broad axe         |       |       |       |       |       |       |   567 |  1327 |  1787 ||  3681
 Fire: Shortbow          |       |       |       |     3 |    21 |    70 |       |       |       ||    94
Throw: Dart              |       |       |       |       |       |       |     1 |       |       ||     1
       Boomerang         |       |       |       |       |       |       |       |    58 |    90 ||   148
Invok: Heroism           |       |       |       |    17 |    15 |    14 |     9 |     5 |     7 ||    67
       Finesse           |       |       |       |     7 |     5 |     7 |     1 |       |       ||    20
 Abil: Evoke Blink       |       |       |       |       |       |     6 |       |       |       ||     6
       Evoke Flight      |       |       |       |       |       |     1 |       |     1 |       ||     2
       Evoke Invisibilit |       |       |       |       |       |       |     2 |       |     1 ||     3
       Stop Flying       |       |       |       |       |       |       |       |     1 |       ||     1
Evoke: Wand              |       |       |       |     2 |     1 |    12 |     1 |     5 |     2 ||    23
       Lightning rod     |       |       |       |       |     4 |       |     7 |       |       ||    11
       Tin of tremorston |       |       |       |       |       |       |     4 |     2 |     1 ||     7
       Phial of floods   |       |       |       |       |       |       |     3 |     1 |     2 ||     6
       Box of beasts     |       |       |       |       |       |       |     2 |     1 |     2 ||     5
  Use: Scroll            |       |       |     4 |    14 |    12 |    18 |     9 |    13 |    16 ||    86
       Potion            |       |       |       |     7 |     9 |     4 |     6 |     2 |    10 ||    38
 Stab: Invisible         |       |       |       |       |       |       |     4 |       |     1 ||     5
       Distracted        |       |       |       |       |       |       |       |     1 |       ||     1
  Eat: Chunk             |     1 |     4 |    12 |    16 |    24 |    41 |    21 |    19 |     7 ||   145
       Ration            |       |       |       |     1 |     5 |     4 |     6 |     4 |    10 ||    30
Armor: Scale mail        |    55 |    18 |       |       |       |       |       |       |       ||    73
       Chain mail        |       |    48 |    88 |   186 |    32 |       |       |       |       ||   354
       Plate armour      |       |       |       |       |   430 |   655 |   383 |    65 |       ||  1533
       Gold dragon scale |       |       |       |       |       |       |       |   301 |   390 ||   691
Dodge: Dodged            |    29 |    45 |    53 |   128 |   232 |   308 |   162 |   244 |   389 ||  1590
       Repelled          |       |       |       |       |       |       |       |    28 |     9 ||    37
Block: Kite shield       |    43 |    71 |     4 |       |       |    44 |   351 |   994 |  1372 ||  2879
       Reflection        |       |       |       |       |       |       |     6 |    44 |       ||    50
